[Event "World Cities-ch GpE"]
[Site "Al Ain"]
[Date "2012.12.24"]
[Round "3.7"]
[White "Edouard, Romain"]
[Black "Hungaski, Robert Andrew"]
[Result "1-0"]
[ECO "C63"]
[WhiteElo "2686"]
[BlackElo "2469"]
[Annotator "Edouard,R"]
[PlyCount "105"]
[EventDate "2012.12.22"]
[EventType "team-tourn"]
[EventRounds "3"]
[EventCountry "UAE"]
[SourceTitle "CBM 152"]
[Source "ChessBase"]
[SourceDate "2013.01.15"]
[SourceVersion "1"]
[SourceVersionDate "2013.01.15"]
[SourceQuality "1"]
[WhiteTeam "Paris"]
[BlackTeam "Chicago"]
[WhiteTeamCountry "FRA"]
[BlackTeamCountry "USA"]
[TimeControl "6000+2140"]
[WhiteClock "0:02:07"]
[BlackClock "0:02:13"]

1. e4 e5 2. Nf3 Nc6 3. Bb5 f5 4. Nc3 fxe4 5. Nxe4 Nf6 $5 (5... d5 {is the
other main move.}) 6. Nxf6+ (6. Qe2 {is the other way to play, but is supposed
to be worse.}) 6... Qxf6 7. Qe2 Be7 8. Bxc6 dxc6 9. Nxe5 O-O (9... Bf5 {
first, in order to really attack the pawn on c2, is also possible, but after}
10. d3 {is will not change much.}) 10. O-O Bf5 11. f4 (11. d3 Rae8 (11... Bd6 {
may be dubious because of} 12. Nc4) 12. f4 Bd6 13. d4 {is similar to the game.}
) 11... Bd6 12. d4 Bxe5 13. dxe5 Qg6 14. Rf2 {White is pawn up, but this kind
of position is supposed to be a dead draw. Of course I was not so happy to
play it, but my opponent was simply better prepared. It may mean the move 4.
Nc3 is not that good.} h5 (14... Rad8 15. Be3 Rd5 {to try to go ...Bg4, ...
Rfd8 and exchange some rooks seems more logical to me.}) 15. Kh1 Rf7 16. h3 {
Not such a big deal, but at least I got time to organise my pieces.} Rd8 17.
Be3 Rfd7 18. Rg1 h4 (18... Qh7 $5 {to keep the h-pawn on a light square also
makes sense.}) 19. Qf3 b6 20. Kh2 c5 (20... Be4 $4 21. Qg4 $18) 21. Rff1 (21.
g4 hxg3+ 22. Rxg3 Qe6 23. Rfg2 g6 {is simply OK for Black.}) (21. Rc1 {with
the idea of going slowly Re2, Qf2, to put pressure on the h4 pawn, and later
try to push either e6 or f5, should be the best try.}) 21... Qh7 (21... Bxc2
22. Qg4 $1 {is difficult for Black too, since I will be able to push my pawns!}
(22. f5 $2 Qg3+ $1 23. Qxg3 hxg3+ 24. Kxg3 Rd5 {is a draw.})) 22. Bf2 $6 {
I thought it should be an interesting try, especially since my opponent didn't
have much time left on the clock, but it is simply bad.} Rd2 23. Qc6 $6 {
Also bad, but it is too late to go back: Black's rook is already on d2!} Rxc2 (
{After} 23... Qh5 $1 {with the idea of} 24. Qxc7 $6 R8d7 $1 {Black will put
his king on h7 and is just better.}) 24. e6 Qg6 (24... Qh5 $5 25. Qxc7 Re8 26.
g4 hxg3+ 27. Rxg3 Bg6 {looks as if it holds.}) 25. e7 Re8 26. Qxg6 Bxg6 27.
Bxh4 Rxb2 (27... Bf5 $5 {also makes sense.}) 28. f5 Bf7 29. a3 c4 (29... Bd5
30. f6 g6 $5 {is also interesting.}) 30. f6 Re2 31. Rf4 gxf6 32. Rg4+ Kh7 33.
Bxf6 Rg8 (33... R8xe7 $2 {is simply bad, especially because of} 34. Rf1 $1 {
with the idea of} Rd7 $2 35. Rg7+ Kh6 36. Rf4 $18) 34. Rh4+ Kg6 35. Rf1 Bd5 $8
36. Rg4+ Kh7 37. Rh4+ Kg6 38. Rg4+ Kh7 39. Bg5 ({My initial idea was} 39. Rf2 {
but I noticed that after} Rxf2 $1 ({Not} 39... Re4 $2 40. Rxe4 Bxe4 41. h4 $16)
40. Rxg8 Bc6 {the position is a draw!}) 39... c3 40. Rf6 $2 $138 {A typical
mistake on move 40, with few seconds on clock. It did work very well, but I
have to admit that I did not even see that the e7-pawn was suddenly hanging...}
Rg6 (40... Rxe7 {is simply OK for Black.}) ({After} 40... c2 $5 {I can luckily
make a draw with} 41. e8=Q ({And not} 41. Rh6+ $4 Kg7 42. Be3+ Kf7 43. Rxg8
Rxe3 $1 $19 {which was my initial idea...}) 41... Rexe8 42. Rh4+ Kg7 43. Rf2
$11) 41. Rf2 $1 Re5 (41... Rge6 42. Rf5 $1 (42. Rf7+ Kg6 43. Rf8 Kh7 {brings
nothing:} 44. Bf6 $2 Rxf6 45. Rxf6 Rxe7 46. Rf5 Bf7 $13) 42... R2e5 {- back
into the game.}) 42. Rf5 Rge6 $8 (42... Rxf5 43. e8=Q Rfxg5 44. Rh4+ Kg7 (44...
Rh6 45. Qe7+ Rg7 46. Rxh6+ Kxh6 47. Qe3+ $18) 45. Qd7+ (45. g3 $5) 45... Bf7 (
45... Kf6 46. Rf4+ Ke5 47. Qxc7+ Ke6 48. g4 $18) 46. Qd4+ Rf6 47. Rf4 Rgg6 48.
Qxc3 $18) 43. Rxe5 (43. Rf7+ $2 Kg6 44. Rf8 Rxg5 $1 45. e8=Q+ Rxe8 46. Rxg5+
Kxg5 47. Rxe8 Kf4 $1 {and I might still be able to make a draw by playing} 48.
Re1 {and bringing up my king, but that is not even sure...}) 43... Rxe5 44. Bf6
Re2 (44... Re3 45. Rg7+ Kh6 46. Bxc3 Bc6 47. e8=Q Bxe8 48. Rxc7 $16) 45. Rg7+
Kh6 46. Bxc3 c5 $2 {Very natural, but...} (46... Bc6 {is a better move, to
avoid 47.Kg3! as played in the game.}) 47. Kg3 $1 Rxg2+ 48. Kf4 Re2 49. Kf5 $1
{Black cannot prevent the white king from advancing!} (49. Be5 Bc6 50. Rg8 Rf2+
51. Ke3 Rf3+ 52. Kd2 Rxa3 53. e8=Q Bxe8 54. Rxe8 Kg5 {seemed more likely to be
a draw to me.}) 49... Be6+ 50. Kf6 Bd7 51. Kf7 (51. Rg8 $5 Rf2+ 52. Ke5 Re2+
53. Kd6 Ba4 54. Be5 {should win easily too.}) 51... Bb5 $6 (51... Be6+ 52. Ke8
({It is always possible to come back with} 52. Kf6 {of course.}) 52... Bd5 53.
Kd8 Bc6 54. Rg8 {should be winning easily.}) 52. Rg4 $6 (52. Rg6+ $1 Kh5 53.
Rg4 Re3 54. Bf6 Rxh3 55. Rg5+ Kh6 56. Rg6+ Kh5 57. Kg7 {is even more precise.})
52... Kh5 $4 (52... Bd7 $8 53. Rh4+ Kg5 54. Bf6+ Kf5 55. Rh5+ Kf4 56. h4 $18)
53. Bf6 {Mate to follow.} 1-0